Map: Świat Śniących ER

Players

IIIIIIIIIIII

  • Race: Zerg Zerg
  • League: Silver
  • Spawn Location: 1:00

kers - Winner!

  • Race: Protoss Protoss
  • League: Platinum
  • Spawn Location: 7:00

VOD

Have the link to the VOD?

Description

Time

  • Played on: March 5, 2020, 12:26 p.m.
  • Length: 12:47
Show
View Real Time Build Order
Export as new Build Order

IIIIIIIIIIII Zerg 

Build Orders: Hatch First 

Get SALT Encoding   

  12  0:09  Drone x2  
  14  0:37  Hatchery, Drone  
  14  0:47  Overlord  
  14  1:03  Spawning Pool  
  13  1:07  Drone  
  13  1:08  Drone  
  15  1:13  Drone  
  16  1:49  Extractor  
  16  1:50  Drone x2  
  16  1:51  Drone x2  
  19  1:55  Queen  
  19  1:56  Queen  
  23  2:07  Zergling x4  
  25  2:12  Drone  
  26  2:17  Drone  
  27  2:23  Overlord  
  27  2:40  Queen  
  29  2:48  Overlord x2  
  29  2:49  Queen  
  31  2:52  Drone x2  
  31  2:58  Metabolic Boost  
  33  3:13  Drone x3  
  33  3:14  Drone  
  33  3:17  Drone x3  
  33  3:19  Drone  
  41  3:21  Drone  
  42  3:43  Lair  
  42  3:49  Extractor  
  42  3:50  Drone  
  42  3:51  Drone x2  
  42  3:54  Drone  
  45  3:55  Drone  
  46  4:07  Drone x6  
  52  4:23  Spore Crawler  
  51  4:28  Spore Crawler  
  50  4:36  Extractor  
  50  4:38  Drone x2  
  51  4:40  Overlord x3  
  51  4:58  Spire  
  50  5:07  Extractor  
  50  5:08  Drone x2  
  50  5:10  Drone  
  50  5:12  Drone  
  50  5:13  Drone  
  54  5:25  Hatchery  
  53  6:06  Spire  
  52  6:11  Mutalisk x3  
  52  6:12  Mutalisk x3  
  52  6:15  Mutalisk  
  66  6:47  Overlord x4  
  66  6:58  Drone  
  66  6:59  Drone x9  
  66  7:00  Drone  
  77  7:05  Zerg Flyer Weapons Level 1  
  77  7:34  Mutalisk  
  77  7:35  Mutalisk x6  
  91  7:44  Zerg Flyer Armor Level 1  
  91  7:48  Zergling x2  
  91  7:49  Zergling x24  
  104  8:30  Drone x5  
  104  8:32  Mutalisk x2  
  113  8:35  Overlord  
  113  8:36  Overlord  
  113  8:40  Extractor  
  112  8:53  Hatchery  
  109  9:10  Overseer x2  
  109  9:12  Mutalisk x6  
  121  9:17  Baneling Nest  
  121  9:20  Burrow  
  121  9:23  Overlord x3  
  120  9:27  Drone x2  
  120  9:28  Drone  
  120  9:29  Drone x2  
  125  9:35  Zerg Flyer Weapons Level 2  
  125  10:06  Zerg Flyer Armor Level 2  
  125  10:10  Infestation Pit  
  124  10:38  Mutalisk x3  
  124  10:39  Mutalisk x2  
  124  10:41  Zergling x24  
  124  10:42  Zergling x12  
  152  10:50  Hive  
  152  11:04  Centrifical Hooks  
  152  11:15  Extractor  
  152  11:17  Extractor  
  150  11:19  Drone x2  
  150  11:20  Drone  
  150  11:21  Drone x3  
  150  11:22  Drone x2  
  150  11:23  Drone x2  
  150  11:24  Overlord x2  
  150  11:25  Overlord  
  160  11:43  Baneling x14  
  160  11:44  Baneling x9  
  105  12:11  Zergling x2  
  105  12:12  Zergling x38  
  105  12:13  Zergling x10  
  101  12:22  Mutalisk x2  
Show
View Real Time Build Order
Export as new Build Order

kers Protoss - Winner!

Build Orders: 1 Gate Expand, Archon Immortal 

Get SALT Encoding   

  12  0:01  Probe  
  13  0:13  Probe  
  14  0:21  Pylon  
  14  0:25  Probe  
  15  0:39  Probe  
  15  0:41  Gateway  
  16  0:50  Assimilator  
  16  0:51  Probe (Chrono Boost)  
  17  1:03  Probe (Chrono Boost)  
  18  1:11  Probe (Chrono Boost)  
  19  1:26  Nexus  
  19  1:39  Cybernetics Core  
  19  1:45  Probe  
  20  1:51  Pylon  
  20  1:57  Probe  
  21  2:04  Assimilator  
  21  2:09  Probe  
  21  2:11  Warp Gate (Chrono Boost)  
  22  2:18  Adept  
  22  2:21  Probe  
  25  2:28  Robotics Facility  
  25  2:33  Probe  
  26  2:38  Probe  
  27  2:45  Probe  
  27  2:48  Stalker  
  27  2:50  Probe  
  31  2:57  Probe  
  32  3:02  Probe  
  33  3:07  Gateway  
  33  3:09  Probe  
  33  3:12  Gateway  
  34  3:14  Probe  
  34  3:17  Observer  
  36  3:21  Probe  
  36  3:26  Probe  
  38  3:34  Probe  
  39  3:37  Pylon  
  39  3:38  Probe  
  40  3:42  Observer  
  40  3:46  Probe  
  42  3:50  Probe  
  42  3:53  Pylon  
  43  3:56  Sentry  
  43  3:58  Probe  
  43  4:02  Probe  
  47  4:08  Forge, Immortal (Chrono Boost)  
  47  4:10  Probe  
  47  4:14  Probe  
  53  4:22  Probe, Stalker x3  
  60  4:26  Probe  
  61  4:34  Probe  
  62  4:41  Pylon  
  62  4:44  Pylon  
  62  4:45  Assimilator  
  62  4:47  Assimilator  
  62  4:59  Probe x2, Twilight Council  
  63  5:07  Immortal (Chrono Boost), Sentry  
  63  5:11  Probe x2  
  71  5:23  Probe x2  
  71  5:24  Pylon  
  71  5:26  Pylon  
  73  5:29  Sentry  
  73  5:30  Pylon  
  73  5:32  Pylon  
  75  5:36  Probe x2  
  81  5:43  Immortal  
  81  5:48  Probe x2  
  83  6:00  Probe x2, Templar Archives  
  83  6:03  Protoss Ground Weapons Level 1 (Chrono Boost)  
  85  6:04  Gateway  
  85  6:06  Gateway  
  85  6:09  Gateway x2  
  85  6:10  Gateway  
  85  6:12  Probe x2, Zealot x2  
  91  6:24  Probe x2  
  93  6:36  Probe x2  
  95  6:41  Phoenix, Nexus  
  95  6:43  Pylon  
  95  6:45  Pylon  
  95  6:48  Probe x2, High Templar x2  
  95  6:50  Immortal  
  95  6:52  Pylon  
  105  6:56  Archon  
  105  7:00  Probe x2  
  107  7:12  Probe x2  
  107  7:14  Photon Cannon  
  109  7:20  Photon Cannon  
  109  7:24  Probe x2  
  109  7:25  Photon Cannon  
  109  7:29  Immortal  
  115  7:37  High Templar x2  
  115  7:38  High Templar  
  115  7:42  High Templar  
  123  7:48  Assimilator  
  123  7:49  Probe x2  
  125  7:53  Assimilator  
  125  8:00  Probe  
  125  8:01  Probe x2  
  125  8:04  High Templar  
  130  8:08  Immortal  
  135  8:14  Archon  
  135  8:16  Archon  
  135  8:22  Probe  
  135  8:29  High Templar  
  137  8:44  Warp Prism (Chrono Boost)  
  139  8:50  Pylon x3  
  139  8:51  Zealot x4  
  139  8:52  Zealot  
  139  8:53  Pylon  
  148  9:06  Archon  
  148  9:17  High Templar  
  148  9:18  High Templar x3  
  156  9:25  Protoss Ground Armor Level 1 (Chrono Boost)  
  156  9:27  Zealot x3  
  156  9:28  Charge (Chrono Boost)  
  162  9:37  Pylon x2  
  162  9:40  Gateway  
  162  9:41  Gateway  
  162  9:45  Gateway x2  
  162  9:48  Pylon  
  162  9:54  Observer (Chrono Boost)  
  161  10:07  Warp Prism (Chrono Boost)  
  161  10:08  High Templar x2  
  161  10:09  High Templar x2  
  161  10:12  Zealot x4  
  161  10:14  Archon x3  
  179  10:19  Archon  
  179  10:40  Shield Battery  
  179  10:41  Nexus  
  179  10:43  Pylon, Photon Cannon  
  179  10:45  Pylon  
  179  10:46  Photon Cannon  
  179  10:49  Pylon  
  179  10:59  Assimilator  
  179  11:03  Observer  
  179  11:21  Observer  
  180  11:42  Zealot x4  
  180  11:43  Zealot x6  
  174  12:16  High Templar x6  
  174  12:17  High Templar x6  
  174  12:21  Archon x3  
  174  12:22  Archon x3  
Tags
 
Add a new tag
Caveats
  • Supply blocks, unpowered buildings, or Contaminate may cause inaccurate times.
  • Supply counts are checked every 10 seconds.